 Dungeon Crawl Stone Soup version 0.29.1-1-gd02db6906a (webtiles) character file.

Game seed: 14452088682388026527

4 LastDream the Scratcher (level 1, 0/9 HPs)
             Began as a Felid Transmuter on Oct 12, 2022.
             Slain by a kobold
             ... wielding a +0 club
              (5 damage)
             ... on level 1 of the Dungeon.
             The game lasted 00:04:35 (135 turns).

LastDream the Scratcher (Felid Transmuter)           Turns: 135, Time: 00:04:35

Health: 0/9        AC:  1    Str:  6    XL:     1   Next: 50%
Magic:  3/4        EV: 17    Int: 14    God:
Gold:   7          SH:  0    Dex: 16    Spells: 3/4 levels left
                                        Lives:  0   Deaths: 0

rFire   . . .      SeeInvis +     - Unarmed
rCold   . . .      Faith    .   (shield unavailable)
rNeg    . . .      Spirit   .   (body armour unavailable)
rPois   .          Reflect  .   (helmet unavailable)
rElec   .          Harm     .   (cloak unavailable)
rCorr   .          Rampage  .   (gloves unavailable)
Will    .....                   (boots unavailable)
Stlth   +.........              (no amulet)
HPRegen 0.03/turn               (no ring)
MPRegen 0.09/turn               (no ring)

@: appendages, quick
A: horns 2, very small, claws 1, fangs 3, see invisible, speed 1, shaggy fur 1,
stealthy paws, no weapons or thrown items, no armour, multi-lived
a: End Transformation


You were on level 1 of the Dungeon.
You had temporarily grown beastly horns.
You visited 1 branch of the dungeon, and saw 1 of its levels.

You collected 7 gold pieces.

Inventory:

Hand Weapons
 b - a +0 dagger
Armour
 c - a +0 leather armour
 d - a +0 helmet
Potions
 a - a potion of lignification


   Skills:
 + Level 1.0 Fighting
 + Level 2.7 Dodging
 + Level 3.1 Unarmed Combat
 + Level 2.0 Spellcasting
 + Level 2.2 Transmutations


You had 3 spell levels left.
You knew the following spells:

 Your Spells              Type           Power      Damage    Failure   Level
a - Beastly Appendage     Tmut           14%        N/A       10%         1

Your spell library contained the following spells:

 Spells                   Type           Power      Damage    Failure   Level
 Wereblood                Tmut           7%         N/A       14%         2
 Spider Form              Tmut/Pois      4%         N/A       41%         3
 Ice Form                 Ice/Tmut       4%         N/A       83%         4


Dungeon Overview and Level Annotations

Branches:
Dungeon (1/15)

Altars:

Shops:
D:1 ?


Innate Abilities, Weirdness & Mutations

You have temporarily grown beastly horns.
You have sharp claws.
You have razor-sharp teeth.
You have supernaturally acute eyesight. (SInv)
You cover ground quickly. (Speed+)
You are covered in fur. (AC +1)
Your paws help you pounce on unaware monsters.
You are incapable of wielding weapons or throwing items.
You cannot wear armour.
You gain extra lives every three experience levels.


Message History

You scratch the frilled lizard.
You kill the frilled lizard!
You see here a frilled lizard corpse.
You open the door.
There is an open door here.
Found a helmet.
A giant cockroach comes into view.
You see here a +0 helmet.
d - a +0 helmet You claw the giant cockroach!
You kill the giant cockroach!
A rat comes into view.
Found a scroll labelled VEIPHAVARE.
Found a dagger.
A giant cockroach comes into view.
The rat bites you.
You barely miss the rat. The rat closely misses you.
You scratch the rat.
You kill the rat!
You see here a rat corpse.
Found a quarterstaff.
A kobold comes into view. It is wielding a +0 club.
The kobold shouts!
The giant cockroach closely misses you.
You scratch the giant cockroach.
The giant cockroach is heavily wounded.
The giant cockroach closely misses you. The giant cockroach barely misses you.
You claw the giant cockroach!
You kill the giant cockroach!
The kobold closely misses you. The kobold completely misses you.
You see here a giant cockroach corpse.
Sorry, you're not good enough to have a special ability.
Casting: Beastly Appendage (safe; 10% risk of failure)
Confirm with . or Enter, or press ? or * to list all spells.
You don't know that spell.
You grow a pair of large bovine horns.
The kobold misses you.
You miss the kobold. The kobold hits you with a +0 club.
Ouch! That really hurt!
You die...

#### ##...#######
#..........#####
......)......... .#
........†...#####.#
).......K...###.#.#
#.....#.@.........###
##...##†###.#.......
#### #.# #.# ....#
#.###.###.#.###
#.#........∩.∩#
#...#####.....# #.#.#
##'#∩.∩#
...#..###...##.#
#...?#..##....†..#


You could see a kobold.

Vanquished Creatures
  2 giant cockroaches (D:1)
  A frilled lizard (D:1)
  A rat (D:1)
4 creatures vanquished.

Notes
Turn   | Place    | Note
-------+----------+-------------------------------------------
     0 | D:1      | LastDream the Felid Transmuter began the quest for the Orb.
     0 | D:1      | Reached XP level 1. HP: 9/9 MP: 4/4
    45 | D:1      | Found Amuid's Magic Scroll Shoppe.
   135 | D:1      | Slain by a kobold

Illustrated notes

Levels and vault maps discovered:
D:1:      minmay_arrival_shattered_statue, layout_loops_corners, serial_shops,
          nicolae_shop_competitors_out_of_business, minmay_tetromino_i2

Action                   || total
-------------------------++-------
Melee: Unarmed           ||    10
 Cast: Beastly Appendage ||     5
 Abil: End Transformatio ||     1
Dodge: Dodged            ||     9
